 Dungeon Crawl Stone Soup version 0.18.1-5-g4a78601 (webtiles) character file.

8387 vatarom the Basher (level 11, -18/117 HPs)
             Began as an Ogre Berserker on May 9, 2016.
             Was a High Priest of Trog.
             Demolished by a skeletal warrior
             ... wielding a +0 mace
              (21 damage)
             ... on level 12 of the Dungeon.
             The game lasted 00:23:09 (10195 turns).

vatarom the Basher (Ogre Berserker)                Turns: 10195, Time: 00:23:10

Health: -18/117    AC:  7    Str: 26    XL:     11   Next: 30%
Magic:  0/11       EV: 14    Int:  9    God:    Trog [*****.]
Gold:   826        SH:  0    Dex: 11    Spells: 0 memorised, 10 levels left

rFire  . . .     SeeInvis .     i - +1 whip (elec)
rCold  . . .     Gourm    .     b - +1 animal skin
rNeg   . . .     Faith    .     (no shield)
rPois  .         Spirit   +     (helmet restricted)
rElec  .         Dismiss  .     m - +2 cloak
rCorr  .         Reflect  .     (gloves unavailable)
SustAt .         Harm     .     (boots unavailable)
MR     +....                    A - amulet of guardian spirit
Stlth  +.........               (no ring)
                                x - ring of flight

@: somewhat resistant to hostile enchantments, very unstealthy
A: unfitting armour, clever 1, strong 1, tough skin 1
a: Berserk, Trog's Hand, Brothers in Arms, Burn Spellbooks, Renounce Religion,
Evoke Flight


You were on level 12 of the Dungeon.
You worshipped Trog.
Trog was extremely pleased with you.
You were not hungry.

You visited 2 branches of the dungeon, and saw 13 of its levels.
You also visited: Ossuary.

You collected 826 gold pieces.

Inventory:

Hand Weapons
 i - a +1 whip of electrocution (weapon)
 s - a +0 great mace
 v - a +0 giant club
Missiles
 j - 6 tomahawks (quivered)
 F - 4 steel javelins
Armour
 b - a +1 animal skin (worn)
 m - a +2 cloak (worn)
Jewellery
 e - an uncursed amulet of regeneration
 x - a ring of flight (left hand)
 A - an amulet of guardian spirit (around neck)
Wands
 a - a wand of random effects (19/48)
 k - a wand of paralysis (4/24)
 n - a wand of polymorph (13/24)
 r - a wand of random effects (11/48)
 I - a wand of random effects (18/48)
Scrolls
 d - 7 scrolls of identify
 f - 3 scrolls of magic mapping
 g - 3 scrolls of fear
 p - 7 scrolls of remove curse
 t - 2 scrolls of vulnerability
 w - 3 scrolls of enchant weapon
 y - 6 scrolls of teleportation
 G - a scroll of fog
Potions
 h - 6 potions of curing
 o - 2 potions of heal wounds
 q - 2 potions of degeneration
 C - a potion of magic
 D - a potion of might
 E - a potion of cure mutation
 J - a potion of flight
 K - a potion of berserk rage {unknown}
Comestibles
 c - 4 bread rations
 l - a beef jerky
 u - 11 slices of pizza
 z - a meat ration
 B - a royal jelly
 H - 5 fruits


   Skills:
 - Level 10.0 Fighting
 + Level 12.0 Maces & Flails
 - Level 7.4 Throwing
 + Level 10.1 Dodging


You had 10 spell levels left.
You didn't know any spells.

Dungeon Overview and Level Annotations

Branches:
Dungeon (12/15)            Temple (1/1) D:6            Lair (0/8) D:8
    Orc: D:9-12

Altars:
Ashenzari
Cheibriados
Dithmenos
Elyvilon
Fedhas
Gozag
Kikubaaqudgha
Makhleb
Nemelex Xobeh
Okawaru
Pakellas
Qazlal
Ru
Sif Muna
Trog
Vehumet
Xom
Yredelemnul
Zin
The Shining One

Shops:
D:7 (   D:9 *   D:10 :


Innate Abilities, Weirdness & Mutations

You are too large for most types of armour.
You have tough skin (AC +1).
Your mind is acute. (Int +2)
Your muscles are strong. (Str +2)


Message History

The red ugly thing kicks your troll!
Your troll dies!
Your troll's corpse disappears in a puff of smoke!
Read which item? (? for menu, Esc to quit)
Okay, then.
The red ugly thing kicks you.
You are engulfed in flames!!
* * * LOW HITPOINT WARNING * * *
The orc closely misses you.
You hit the orc but do no damage. You hit the orc but do no damage.
There is a sudden explosion of sparks!
You kill the orc!
Trog accepts your kill. The red ugly thing kicks you.
* * * LOW HITPOINT WARNING * * *
You are engulfed in flames!
* * * LOW HITPOINT WARNING * * *
A sky beast appears from thin air!
Reactivating autopickup.
The skeletal warrior hits you with a mace!!
You die...

## ## . ## . #...#.#
#.### #.#..# ##...#
#).u# .#.......
#..#..###@#
#.........
#..{#.#z##
#......... #(#..Y##.
#........ #).#.#..
#........
#?#...##.###.....#
#...#.#.##.##.....#
#..#..###.#.##.....#
##...# #..†#..#....+
#.### #.#..#..#....#


You could see a red ugly thing, a skeletal warrior and a sky beast.

Vanquished Creatures
  2 hill giants (D:10)
  Pikel (D:5)
  A gargoyle (D:11)
  A komodo dragon (D:11)
  The ghost of vatarom the Chopper, an amateur FoFi of Qazlal (D:3)
  A shadow (D:11)
  A hippogriff (D:8)
  A hungry ghost (D:11)
  Edmund (D:4)
  A soldier ant (D:12)
  A water moccasin (D:9)
  4 orc warriors
  3 sky beasts
  A black bear (D:10)
  An ice beast (D:9)
  2 ogres
  An eye of draining (D:10)
  A necrophage (D:8)
  A wasp (D:9)
  A phantom (D:7)
  6 centaurs
  A crocodile (D:9)
  5 big kobolds
  3 elf zombies (Ossuary)
  A wyvern zombie (D:11)
  5 giant frogs
  5 killer bees (D:12)
  4 wights
  3 howler monkeys
  2 centaur zombies
  A crimson imp (D:12)
  4 giant frog zombies
  7 hounds
  8 orc priests
  A wasp zombie (D:12)
  A centaur skeleton (D:10)
  17 orc wizards
  Crazy Yiuf (D:4)
  A giant frog skeleton (D:6)
  2 human zombies (Ossuary)
  2 jellies (D:12)
  6 worker ants
  2 big kobold zombies (Ossuary)
  3 hound skeletons
  2 mummies (Ossuary)
  2 worker ant zombies
  16 adders
  3 gnolls (D:6)
  A river rat (D:8)
  A shadow imp (D:5)
  2 oozes
  3 adder zombies (Ossuary)
  An adder skeleton (D:4)
  2 worms
  2 dart slugs
  4 giant geckos
  50 orcs
  9 bats
  4 giant cockroaches
  8 goblins
  7 hobgoblins
  10 jackals
  A quokka (D:4)
  3 giant newts
  11 hobgoblin zombies (Ossuary)
  30 kobolds
  8 kobold zombies (Ossuary)
  6 orc zombies (Ossuary)
  A quokka skeleton (D:7)
  10 rats
  A rat zombie (Ossuary)
  A spectral orc (D:8)
317 creatures vanquished.

Vanquished Creatures (collateral kills)
  A hippogriff (D:12)
  2 giant frogs
  A howler monkey (D:7)
  An adder (D:7)
  A shadow imp (D:7)
6 creatures vanquished.

Vanquished Creatures (others)
  A giant frog zombie (D:5)
  An orc wizard (D:9)
2 creatures vanquished.

Grand Total: 325 creatures vanquished

Notes
Turn   | Place    | Note
--------------------------------------------------------------
     0 | D:1      | vatarom the Ogre Berserker began the quest for the Orb.
     0 | D:1      | Reached XP level 1. HP: 24/24 MP: 1/1
   245 | D:1      | Reached XP level 2. HP: 32/32 MP: 2/2
   703 | D:1      | Reached skill level 1 in Throwing
   872 | D:2      | Reached XP level 3. HP: 34/39 MP: 3/3
   925 | D:2      | Reached ** piety under Trog
  1309 | D:2      | Gained mutation: Your muscles are strong. (Str +2) [potion of beneficial mutation]
  1330 | D:2      | Reached XP level 4. HP: 48/48 MP: 4/4
  1447 | D:2      | Found a glowing silver altar of Zin.
  1601 | D:3      | Noticed vatarom's ghost (amateur FoFi)
  1760 | D:3      | Killed vatarom's ghost
  1760 | D:3      | Reached XP level 5. HP: 54/54 MP: 5/5
  1760 | D:3      | Reached XP level 6. HP: 62/62 MP: 6/6
  1852 | D:3      | Found a deep blue altar of Sif Muna.
  1852 | D:3      | Found a stormy altar of Qazlal.
  2204 | D:4      | Noticed Edmund
  2321 | D:4      | Reached skill level 5 in Maces & Flails
  2589 | D:4      | Reached *** piety under Trog
  2786 | D:4      | Noticed Crazy Yiuf
  2797 | D:4      | Killed Crazy Yiuf
  2797 | D:4      | Reached XP level 7. HP: 70/70 MP: 7/7
  2890 | D:4      | Gained mutation: You have a pair of small antennae on your head. [potion of mutation]
  2890 | D:4      | Gained mutation: You are somewhat resistant to further mutation. [potion of mutation]
  2890 | D:4      | Gained mutation: You are frail (-10% HP). [potion of mutation]
  3102 | D:4      | Killed Edmund
  3102 | D:4      | Reached skill level 6 in Maces & Flails
  3102 | D:4      | Reached skill level 5 in Dodging
  3441 | D:5      | Entered Level 5 of the Dungeon
  3461 | D:5      | Found a shadowy altar of Dithmenos.
  3474 | D:5      | Noticed Pikel
  3736 | D:5      | Reached skill level 7 in Maces & Flails
  3739 | D:5      | Got a slimy hand axe
  3740 | D:5      | Identified the +7 hand axe "Jellybane" {chop, +Fly Str+3} (You found it on level 5 of the Dungeon)
  3938 | D:5      | Found an opulent altar of Gozag.
  4112 | D:5      | Killed Pikel
  4112 | D:5      | Reached skill level 9 in Maces & Flails
  4112 | D:5      | Reached XP level 8. HP: 54/70 MP: 8/8
  4449 | D:6      | Reached skill level 5 in Fighting
  4544 | D:6      | Reached **** piety under Trog
  4551 | D:6      | Found a staircase to the Ecumenical Temple.
  4569 | Temple   | Entered the Ecumenical Temple
  4703 | D:6      | Found an oddly glowing altar of Pakellas.
  5089 | D:6      | Reached XP level 9. HP: 82/82 MP: 9/9
  5240 | D:7      | Received a gift from Trog
  5418 | D:7      | Found a bloodstained altar of Trog.
  5419 | D:7      | Found a shattered altar of Ashenzari.
  5493 | D:7      | Found Suofonu's Antique Weapon Boutique.
  6157 | D:7      | Reached skill level 10 in Fighting
  6319 | D:8      | Found a sand-covered staircase.
  6356 | Ossuary  | Entered an ossuary
  6481 | Ossuary  | Reached skill level 5 in Throwing
  6636 | D:8      | Reached XP level 10. HP: 98/99 MP: 10/10
  6685 | D:8      | Found a staircase to the Lair.
  6838 | D:8      | Found a basalt altar of Yredelemnul.
  6910 | D:8      | Found a burning altar of Makhleb.
  7429 | D:9      | Found a shadowy altar of Dithmenos.
  7438 | D:9      | Found a white marble altar of Elyvilon.
  7438 | D:9      | Found a glowing golden altar of the Shining One.
  7632 | D:9      | Lost mutation: You are frail (-10% HP). [potion of cure mutation]
  7632 | D:9      | Lost mutation: Your muscles are strong. (Str +2) [potion of cure mutation]
  7632 | D:9      | Lost mutation: You are somewhat resistant to further mutation. [potion of cure mutation]
  7632 | D:9      | Lost mutation: You have a pair of small antennae on your head. [potion of cure mutation]
  7633 | D:9      | Gained mutation: Your muscles are strong. (Str +2) [potion of mutation]
  7633 | D:9      | Gained mutation: Your mind is acute. (Int +2) [potion of mutation]
  8001 | D:9      | Found a blossoming altar of Fedhas.
  8078 | D:9      | Found Zutz's General Store.
  8256 | D:9      | Found a radiant altar of Vehumet.
  8280 | D:9      | Reached ***** piety under Trog
  8409 | D:10     | Entered Level 10 of the Dungeon
  8500 | D:10     | Found Vyudd's Book Shop.
  8588 | D:10     | Reached skill level 10 in Maces & Flails
  8684 | D:10     | Noticed a hill giant
  8700 | D:10     | Killed a hill giant
  8915 | D:10     | Received a gift from Trog
  8946 | D:10     | Noticed a hill giant
  8954 | D:10     | Killed a hill giant
  8954 | D:10     | Reached skill level 11 in Maces & Flails
  9214 | D:11     | Reached XP level 11. HP: 117/117 MP: 11/11
 10007 | D:12     | Reached skill level 10 in Dodging
 10137 | D:12     | Reached skill level 12 in Maces & Flails
 10175 | D:12     | Noticed a skeletal warrior
 10190 | D:12     | Noticed a red ugly thing
 10195 | D:12     | HP: 3/117 [red ugly thing (13)]
 10195 | D:12     | Demolished by a skeletal warrior

Skill      XL: |  1  2  3  4  5  6  7  8  9 10 11 |
---------------+----------------------------------+-----
Dodging        | 3 4 5 6 7 9 10 | 10.1
Throwing       | 1 2 4 5 7 |  7.4
Maces & Flails | 5 9 11 12 | 12.0
Fighting       | 6 10 | 10.0

Action                   |  1- 3 |  4- 6 |  7- 9 | 10-12 || total
-------------------------+-------+-------+-------+-------++-------
Melee: Mace              |    54 |       |       |       ||    54
       Whip              |    37 |   186 |   407 |   421 ||  1051
       Hand axe          |       |       |    19 |       ||    19
       Great mace        |       |       |    16 |       ||    16
       Giant club        |       |       |       |    14 ||    14
Throw: Javelin           |       |       |    14 |     4 ||    18
       Tomahawk          |       |       |     1 |   104 ||   105
Invok: Berserk           |       |     2 |     3 |     1 ||     6
       Trog's Hand       |       |     1 |     1 |       ||     2
       Brothers in Arms  |       |       |     1 |     1 ||     2
Evoke: Wand              |       |       |       |     1 ||     1
  Use: Scroll            |     6 |     1 |     4 |     7 ||    18
       Potion            |     3 |     3 |     3 |     8 ||    17
 Stab: Sleeping          |       |     1 |     1 |       ||     2
  Eat: Pizza             |     1 |       |       |       ||     1
       Chunk             |       |     3 |       |     1 ||     4
       Bread ration      |       |     1 |     3 |     2 ||     6
       Royal jelly       |       |       |     1 |       ||     1
       Beef jerky        |       |       |       |     2 ||     2
       Meat ration       |       |       |       |     1 ||     1
Armor: Animal skin       |    27 |    61 |   112 |    76 ||   276
Dodge: Dodged            |    53 |   112 |   212 |   196 ||   573
